 Dungeon Crawl Stone Soup version 0.31-a0-631-g285b096dc4 (webtiles) character file.

Game seed: 3770866195045376805

93 MackTheKnife the Magician (level 4, -5/24 HPs)
             Began as a Deep Elf Wanderer on Aug 27, 2023.
             Slain by a kobold brigand
             ... wielding a +0 club
              (9 damage)
             ... in a sewer.
             The game lasted 00:05:29 (2914 turns).

MackTheKnife the Magician (Deep Elf Wanderer)       Turns: 2914, Time: 00:05:30

Health: -5/24      AC:  1    Str:  8    XL:     4   Next: 36%
Magic:  1/12       EV:  8    Int: 19    God:
Gold:   86         SH:  0    Dex: 15    Spells: 7/11 levels left

rFire   . . .        i - +2 short sword (vamp) {short}
rCold   . . .        (no shield)
rNeg    . . .        (no body armour)
rPois   .            (helmet restricted)
rElec   .            (no cloak)
rCorr   .            h - +0 pair of gloves
SInv    .            (no boots)
Will    .....        (no amulet)
Stlth   ++           (no ring)
HPRegen 0.24/turn    (no ring)
MPRegen 0.13/turn

%: no passive effects
@: constricted
A: beak, sturdy frame 1
a: no special abilities


You were in a sewer.
You visited 1 branch of the dungeon, and saw 3 of its levels.
You also visited: Sewer.

You collected 86 gold pieces.


Innate Abilities, Weirdness & Mutations

You have a beak for a mouth.
Your movements are slightly less encumbered by armour. (ER -2)


   Skills:
 - Level 3.0 Short Blades
 - Level 1.0 Throwing
 - Level 1.5 Armour
 - Level 2.0 Stealth
 - Level 4.4 Spellcasting
 + Level 0.7 Conjurations
 + Level 0.7 Air Magic
 - Level 2.9 Poison Magic
 - Level 1.0 Invocations


You had 7 spell levels left.
You knew the following spells:

 Your Spells              Type           Power      Damage    Failure   Level
a - Sting                 Tmut/Pois      36%        1d4       8%          1
b - Mephitic Cloud        Conj/Pois/Air  9%         N/A       22%         3

Your spell library contained the following spells:

 Spells                   Type           Power      Damage    Failure   Level
 Momentum Strike          Conj/Tloc      10%        3d8       17%         2
 Blink                    Tloc           8%         N/A       21%         2
 Lesser Beckoning         Tloc           8%         N/A       21%         2
 Wereblood                Tmut           4%         N/A       21%         2
 Manifold Assault         Tloc           4%         N/A       78%         4
 Irradiate                Conj/Tmut      2%         3d12      97%         5

Inventory:

Hand Weapons
 i - a +2 vampiric short sword (weapon) {short}
   (You found it on level 1 of the Dungeon)
Armour
 h - a +0 pair of gloves (worn)
   (You found it on level 1 of the Dungeon)
Magical Staves
 n - a staff of death {!astaff}
   (You took it off a hobgoblin on level 2 of the Dungeon)
Scrolls
 a - a scroll of enchant weapon {unknown}
 m - a scroll of identify {unknown}
 p - a scroll of silence {unknown}
Potions
 b - a potion of might {unknown}
 c - a potion of attraction {!q}
 d - a potion of mutation {!q}
 e - a potion of curing {@q1}
 f - a potion of degeneration {unknown}
 g - a potion of invisibility {unknown}
 j - a potion of heal wounds {unknown}
 l - a potion of enlightenment {unknown}
 o - a potion of resistance {unknown}

Dungeon Overview and Level Annotations

Branches:
Dungeon (3/15) Zot: 15225   Sewer (1/1) Zot: 5858

Altars:

#...'~~~#
######~≈~#
#...?#~≈~#
#!.∩!#~≈~#
#....#~≈~#
#....#~≈~#
##'K##~~~##++##
#..KK#~≈~#....K###
#..KP#~≈~#......@#
...~~~~≈~#.....SK#
...P~~~≈~#.......#
...~~#~≈~#P...K..#
...~~#~~~#~~.....#
.....#~≈~#~~~.†..##
.....#~≈~~~~....S.#
.....#~≈~~~~....).#
.....#~≈~~~...†..##


You could see 2 kobold brigands, an adder, a ball python and a kobold.


Message History

Casting: Mephitic Cloud (extremely dangerous; 22% risk of failure)
Confirm with . or Enter, or press ? or * to list all spells.
Aiming: Sting (safe; 8% risk of failure)
Press: ? - help, Shift-Dir - straight line, f/p - kobold brigand
Aim: a kobold brigand, wielding a +0 club and quivering curare-tipped darts (moderately wounded, poisoned, 60% to hit)
The sting hits the kobold brigand.
The kobold brigand looks even sicker.
The kobold brigand barely misses you.
The kobold brigand is engulfed in noxious fumes.
The kobold brigand appears confused.
You hit the kobold brigand.
The kobold brigand hits you with a +0 club. 😕 HP[-4]
You take 4 damage, and now have 20/24 hp.
Unknown command.
Casting: Sting (safe; 8% risk of failure)
Confirm with . or Enter, or press ? or * to list all spells.
Aiming: Sting (safe; 8% risk of failure)
Press: ? - help, Shift-Dir - straight line, f/p - kobold brigand
Aim: a kobold brigand, wielding a +0 club and quivering curare-tipped darts (heavily wounded, very poisoned, 60% to hit)
The sting hits the kobold brigand but does no damage.
The kobold brigand looks even sicker.
The kobold brigand hits you with a +0 club! 😮 HP[-7] MP[-1]
You take 7 damage, and now have 13/24 hp.
MASSIVE DAMAGE!! (PAUSE)
You lost 1 mp, and now have 1/12 mp.
Okay, then.
The kobold brigand throws a curare-tipped dart.
The curare-tipped dart closely misses you.
It was a potion of mutation.
You feel extremely strange.
Your mouth lengthens and hardens into a beak!
You feel less encumbered by your armour.
The kobold brigand completely misses the kobold brigand. 😮 HP[+1] It was a potion of curing.
You feel better.
The kobold brigand hits you with a +0 club. 😮 HP[+1]
You hit the kobold brigand.
You feel better.
The kobold brigand barely misses you. 😮 HP[+1]
You closely miss the kobold brigand.
The kobold brigand hits you with a +0 club!
* * * LOW HITPOINT WARNING * * *
😨 HP[-8]
You take 8 damage, and now have 8/24 hp.
MASSIVE DAMAGE!! (PAUSE) Unknown command.
You feel better. The ball python bites you. The ball python barely misses you.
The kobold brigand hits you with a +0 club!
* * * LOW HITPOINT WARNING * * *
The ball python bites you.
* * * LOW HITPOINT WARNING * * *
The ball python barely misses you. 😨 HP[-1] MP[+1]
You take 1 damage, and now have 7/24 hp.
Okay, then.
Unknown command.
Casting: Sting (safe; 8% risk of failure)
Confirm with . or Enter, or press ? or * to list all spells.
Aiming: Sting (safe; 8% risk of failure)
Press: ? - help, Shift-Dir - straight line, f/p - kobold brigand
Aim: a kobold brigand, wielding a +0 club and quivering curare-tipped darts (severely wounded, very poisoned, 60% to hit)
Okay, then.
Unknown command.
The ball python attacks as it pursues you!
The ball python barely misses you.
The ball python misses you. 😨 HP[+1] Unknown command.
Unknown command.
Casting: Sting (safe; 8% risk of failure)
Confirm with . or Enter, or press ? or * to list all spells.
Aiming: Sting (safe; 8% risk of failure)
Press: ? - help, Shift-Dir - straight line, f/p - kobold brigand
Aim: a kobold brigand, wielding a +0 club and quivering curare-tipped darts (severely wounded, very poisoned, 60% to hit)
Okay, then.
Unknown command.
You hit the kobold brigand but do no damage.
An adder comes into view.
The kobold brigand completely misses you.
The ball python bites you.
* * * LOW HITPOINT WARNING * * *
The ball python grabs you. The ball python constricts you.
* * * LOW HITPOINT WARNING * * *
😱 HP[-3]
You take 3 damage, and now have 5/24 hp.
Unknown command.
Casting: Sting (safe; 8% risk of failure)
Confirm with . or Enter, or press ? or * to list all spells.
Aiming: Sting (safe; 8% risk of failure)
Press: ? - help, Shift-Dir - straight line, f/p - kobold brigand
Aim: a kobold brigand, wielding a +0 club and quivering curare-tipped darts (almost dead, very poisoned, 60% to hit)
The sting hits the kobold brigand.
The kobold brigand looks even sicker.
The adder hisses angrily.
The kobold brigand chortles and stares into space.
The ball python bites you.
* * * LOW HITPOINT WARNING * * *
The ball python constricts you.
The kobold brigand hits you with a +0 club!
You die...

Skill      XL: |  1  2  3  4 |
---------------+-------------+-----
Poison Magic   | 2 |  2.9
Spellcasting   | 4 |  4.4
Stealth        | 1 2 |  2.0
Short Blades   | |  3.0
Throwing       | |  1.0
Armour         | |  1.5
Conjurations   | |  0.7
Air Magic      | |  0.7
Invocations    | |  1.0

Action                     |  1- 3 |  4- 6 || total
---------------------------+-------+-------++-------
  Melee: Short sword       |    23 |    30 ||    53
         Punch             |     1 |       ||     1
   Cast: Sting             |    77 |    23 ||   100
         Mephitic Cloud    |       |     2 ||     2
    Use: Scroll            |     2 |     1 ||     3
         Potion            |       |     3 ||     3
   Stab: Sleeping          |     1 |       ||     1
 Armour: Skin              |     7 |     6 ||    13
  Dodge: Dodged            |    31 |    30 ||    61

Levels and vault maps discovered:
D:1:      minmay_arrival_semitransparent, layout_basic
D:2:      layout_loops_corners, minmay_split_cup_small
D:3:      layout_rooms, serial_corexii_hall, chequers_hall_statues_corner_a,
          chequers_hall_statues_corner_a, portal_sewer_entry_b,
          gammafunk_ghost_grave, hangedman_decor_push, uniq_natasha
Sewer:    kennysheep_pipe_town

Notes
Turn   | Place    | Note
-------+----------+-------------------------------------------
     0 | D:1      | MackTheKnife the Deep Elf Wanderer began the quest for the
                  | Orb.
     0 | D:1      | MackTheKnife set off with the following items: a +2 short
                  | sword {short}, a +0 scale mail, a potion of attraction
                  | {!q}; and the following spell memorised: Sting; and the
                  | following spells available to memorise: Mephitic Cloud.
     0 | D:1      | Reached XP level 1. HP: 10/10 MP: 6/6
     0 | D:1      | magus.rc [v1.9.6]
    29 | D:1      | You add the spells Blink and Manifold Assault to your
                  | library.
   800 | D:1      | Reached XP level 2. HP: 13/15 MP: 5/8
  1198 | D:2      | Reached skill level 2 in Poison Magic
  1444 | D:2      | You pick up a book of Spatial Translocations and begin
                  | reading...
  1444 | D:2      | You add the spells Momentum Strike and Lesser Beckoning to
                  | your library.
  1680 | D:2      | Reached skill level 4 in Spellcasting
  1749 | D:2      | Reached XP level 3. HP: 9/19 MP: 5/10
  2072 | D:2      | Reached skill level 1 in Stealth
  2609 | D:3      | Learned a level 3 spell: Mephitic Cloud
  2635 | D:3      | Reached XP level 4. HP: 24/24 MP: 10/12
  2725 | D:3      | Reached skill level 2 in Stealth
  2734 | D:3      | You pick up a book of Changes and begin reading...
  2734 | D:3      | You add the spells Wereblood and Irradiate to your library.
  2746 | D:3      | Found a glowing drain.
  2781 | Sewer    | Entered a sewer
  2799 | Sewer    | Noticed a kobold brigand
  2799 | Sewer    | Noticed a kobold brigand
  2799 | Sewer    | Noticed a kobold brigand
  2907 | Sewer    | Gained mutation: You have a beak for a mouth. [potion of
                  | mutation]
  2907 | Sewer    | Gained mutation: Your movements are slightly less
                  | encumbered by armour. (ER -2) [potion of mutation]
  2913 | Sewer    | HP: 6/24 [ball python (2)]
  2914 | Sewer    | Slain by a kobold brigand

Vanquished Creatures
  2 adders (D:2)
  A river rat (D:3)
  A worm (D:2)
  3 ball pythons
  3 endoplasms
  7 giant cockroaches
  A goblin (D:3)
  2 hobgoblins (D:2)
  7 jackals (D:2)
  6 kobolds
  3 quokkas
  10 bats
  3 frilled lizards
  8 rats
57 creatures vanquished.

Table legend:
 A = Non-vault XP
 B = Vault XP
 C = Vault XP percentage of total XP
 D = Non-vault monster count
 E = Vault monster count
 F = Vault count percentage of total count
                 A         B        C        D         E       F
            +---------+---------+-------+---------+---------+-------
      Total |      99 |      34 |  25.6 |      44 |      13 |  22.8
            +---------+---------+-------+---------+---------+-------
        D:1 |      12 |       0 |   0.0 |       7 |       0 |   0.0
        D:2 |      75 |       6 |   7.4 |      29 |       3 |   9.4
        D:3 |      12 |      22 |  64.7 |       8 |       7 |  46.7
      Sewer |       0 |       6 | 100.0 |       0 |       3 | 100.0
            +---------+---------+-------+---------+---------+-------

Skill      XL: |  1  2  3  4 |
---------------+-------------+-----
Poison Magic   | 2 |  2.9
Spellcasting   | 4 |  4.4
Stealth        | 1 2 |  2.0
Short Blades   | |  3.0
Throwing       | |  1.0
Armour         | |  1.5
Conjurations   | |  0.7
Air Magic      | |  0.7
Invocations    | |  1.0

Action                     |  1- 3 |  4- 6 || total
---------------------------+-------+-------++-------
  Melee: Short sword       |    23 |    30 ||    53
         Punch             |     1 |       ||     1
   Cast: Sting             |    77 |    23 ||   100
         Mephitic Cloud    |       |     2 ||     2
    Use: Scroll            |     2 |     1 ||     3
         Potion            |       |     3 ||     3
   Stab: Sleeping          |     1 |       ||     1
 Armour: Skin              |     7 |     6 ||    13
  Dodge: Dodged            |    31 |    30 ||    61

Illustrated notes

Table legend:
 A = Kills in this place as a percentage of kills in the entire game.
 B = Kills by you in this place as a percentage of kills by you in the entire game.
 C = Kills by friends in this place as a percentage of kills by friends in the entire game.
 D = Other kills in this place as a percentage of other kills in the entire game.
 E = Experience gained in this place as a percentage of experience gained in the entire game.
 F = Experience gained in this place divided by the number of levels of this place that you have seen.
                   A       B       C       D       E      F
               +-------+-------+-------+-------+-------+----------------------
         Total | 100.0 | 100.0 |   N/A |   N/A | 100.0 |  33.2
       Dungeon |  94.7 |  94.7 |   N/A |   N/A |  95.5 |  42.3
         Sewer |   5.3 |   5.3 |   N/A |   N/A |   4.5 |   6.0
               +-------+-------+-------+-------+-------+----------------------

Table legend: (Time is in decaauts)
 A = Elapsed time spent in this place.
 B = Non-inter-level travel time spent in this place.
 C = Inter-level travel time spent in this place.
 D = Time resting spent in this place.
 E = Time spent auto-exploring this place.
 F = Levels seen in this place.
 G = Mean time per level.
                   A        B        C        D        E       F      G
               +--------+--------+--------+--------+--------+-----+--------+
         Total |   2914 |   2787 |    127 |    339 |   1999 |   4 |  728.5 |
       Dungeon |   2774 |   2647 |    127 |    279 |   1975 |   3 |  924.7 |
         Sewer |    140 |    140 |      0 |     60 |     24 |   1 |  140.0 |
               +--------+--------+--------+--------+--------+-----+--------+

Top non-repeatable levels by time:
     D:2: 1469 daAuts
     D:1: 1105 daAuts
     D:3: 200 daAuts
   Sewer: 140 daAuts
